 Dungeon Sprint DCSS version 0.26-a0-683-g5206c1d7ac (webtiles) character file.

Game seed: 1997869695305978180

30676 olmar the Peltast (level 13, -4/136 HPs)
             Began as a Minotaur Fighter on Oct 22, 2020.
             Was an Initiate of Gozag.
             Slain by the 27-headed Lernaean hydra (7 damage)
             ... in the Dungeon (Sprint I: "Red Sonja").
             The game lasted 00:13:46 (3868 turns).

olmar the Peltast (Minotaur Fighter)                Turns: 3868, Time: 00:13:47

Health: -4/136     AC: 16    Str: 24 (26) XL:     13   Next: 21%
Magic:  0/12       EV: 18    Int:  0 (2)  God:    Gozag
Gold:   3523       SH: 23    Dex: 17 (20) Spells: 12/12 levels left

rFire    + . .     SeeInvis .   B - +7 sceptre of Torment {pain, torment}
rCold    + + .     Faith    .   d - +0 tower shield
rNeg     + + +     Spirit   +   n - +2 ring mail {rPois}
rPois    +         Reflect  .   (helmet restricted)
rElec    +         Harm     .   w - +2 cloak {MR+}
rCorr    +         Rampage  .   m - +0 pair of fencer's gloves {Riposte Dex+3}
MR       +....     Rnd*Rage +   (no boots) Stlth ++++......NoTele +
                                u - amulet "Jyly" {Spirit rF- rN++ Str+3 Stlth+}
HPRegen  0.32/turn              y - ring of Ethics {*Drain rElec rF+ Int+3 Dex+6}
MPRegen  0.13/turn              t - ring of Wyucagyemoo {rC+ rN+ rCorr Int-4}

@: resistant, stab, very slightly contaminated, hasted and slowed, lost
intelligence, invisible
A: retaliatory headbutt, horns 2, berserk 1, deterioration 1, dopey 1, screaming
2, weak 1
a: Potion Petition, Call Merchant, Bribe Branch, Renounce Religion


You were in the Dungeon.
You worshipped Gozag.
Gozag was most pleased with you.
You visited 1 branch You collected 10410 gold pieces.
You spent 5716 gold pieces at shops.
You paid 1171 gold pieces to Gozag.

Inventory:

Hand Weapons
 a - a +0 flail
 v - the +5 mace of Cenegoxt {vorpal, +Rage}
   (You bought it in a shop in the Dungeon)

   It inflicts extra damage upon your enemies.
   It lets you go berserk.
 B - the +7 sceptre of Torment (weapon) {pain, torment}
   (You bought it in a shop in the Dungeon)

   In the hands of one skilled in necromantic magic, it inflicts extra damage on
   living creatures.
Armour
 d - a +0 tower shield (worn)
 m - the +0 pair of fencer's gloves (worn) {Riposte Dex+3}
   (You bought it in a shop in the Dungeon)

   It affects your dexterity (+3).
 n - a +2 ring mail of poison resistance (worn)
 w - a +2 cloak of magic resistance (worn)
Jewellery
 o - an uncursed ring of positive energy
 t - the ring of Wyucagyemoo (right hand) {rC+ rN+ rCorr Int-4}
   (You bought it in a shop in the Dungeon)

   [ring of resist corrosion]

   It affects your intelligence (-4).
   It protects you from cold.
   It protects you from negative energy.
   It provides partial protection from all sources of acid and corrosion.
 u - the amulet "Jyly" (around neck) {Spirit rF- rN++ Str+3 Stlth+}
   (You bought it in a shop in the Dungeon)

   [amulet of guardian spirit]

   It causes incoming damage to be split between your health and magic.
   It affects your strength (+3).
   It makes you vulnerable to fire.
   It greatly protects you from negative energy.
   It makes you more stealthy.
 x - an uncursed amulet of the acrobat
 y - the ring of Ethics (left hand) {*Drain rElec rF+ Int+3 Dex+6}
   (You bought it in a shop in the Dungeon)

   [ring of dexterity]

   It affects your intelligence (+3).
   It affects your dexterity (+6).
   It protects you from fire.
   It insulates you from electricity.
   It causes draining when unequipped.
 H - an uncursed ring of magical power {unknown}
 I - the amulet of Zuruvad {Acrobat Stlth+}
   (You found it in the Dungeon)

   [amulet of the acrobat]

   It helps you evade while moving and waiting.
   It makes you more stealthy.
Wands
 k - a wand of flame (16)
 E - a wand of digging (2)
Scrolls
 b - a scroll of fog {unknown}
 i - a scroll of amnesia {unknown}
 j - 2 scrolls of blinking
 r - 2 scrolls of remove curse {unknown}
 z - 2 scrolls of magic mapping
 A - a scroll of enchant weapon {unknown}
 G - a scroll of fear {unknown}
Potions
 e - 5 potions of curing
 g - a potion of haste
 h - 3 potions of magic
 C - a potion of heal wounds
Miscellaneous
 l - a condenser vane (inert)
 q - a phial of floods (inert)


   Skills:
 + Level 18.4 Fighting
 + Level 19.1 Maces & Flails
 + Level 16.1 Armour
 + Level 10.9 Dodging
 - Level 6.8 Stealth
 + Level 19.2 Shields
 + Level 10.0 Evocations


You had 12 spell levels left.
You didn't know any spells.
Your spell library was empty.

Dungeon Overview and Level Annotations

Branches:
Dungeon (1/1)

Altars:
Cheibriados
Dithmenos
Elyvilon
Fedhas
Gozag
Hepliaklqana
Kikubaaqudgha
Makhleb
Nemelex Xobeh
Okawaru
Qazlal
Ru
Sif Muna
Trog
Uskayaw
Vehumet
Wu Jian
Xom
Yredelemnul
Zin
The Shining One
Jiyva
Lugonu

Shops:
D }**(:(:=?=*[*(((==[[(=

Annotations:
D Lernaean hydra, Tiamat


Innate Abilities, Weirdness & Mutations

You reflexively headbutt those who attack you in melee.
You have a pair of horns on your head.
You tend to lose your temper in combat.
Your body sometimes deteriorates upon taking damage.
You are dopey. (Int -2)
You sometimes yell uncontrollably at your foes.
You are weak. (Str -2)


Message History

The 27-headed Lernaean hydra misses you.
The 27-headed Lernaean hydra bites you but does no damage.
The 27-headed Lernaean hydra bites you. x3
* * * LOW HITPOINT WARNING * * *
The 27-headed Lernaean hydra bites you!
* * * LOW HITPOINT WARNING * * *
The 27-headed Lernaean hydra bites you!
* * * LOW HITPOINT WARNING * * *
The 27-headed Lernaean hydra bites you but does no damage.
You block the 27-headed Lernaean hydra's attack.
The 27-headed Lernaean hydra bites you!
* * * LOW HITPOINT WARNING * * *
The 27-headed Lernaean hydra closely misses you.
The 27-headed Lernaean hydra barely misses you.
The 27-headed Lernaean hydra bites you!
* * * LOW HITPOINT WARNING * * *
The 27-headed Lernaean hydra bites you but does no damage.
The 27-headed Lernaean hydra bites you!
You die...
Your body crumbles into a pile of gold. ####################### §§§.'.§§§..'..#^^+..§.# $$$$$$ §####§§§§§##..'^^#§§.§## $$$$$$

§#.###§..#######'#§§§§.#####$$$$
.#'#.###§#..[##..#§§§§§#...#$$$$
##^....#§##...#..##§..§#.∩[#$$$$
)#...###.§###.#..≈###§##...#$$$$
.○.....##..§#.#§@§$=#[####'#$$$$
.#^....#..#.#.#§D§§##§#.§§.##$$$
^###++##.##..§#§§W##§§...§..##$$
###..###..#'###§§§#§..§§§..§.#$$
####.°###...# ZM§##..§§§...§§##$
#..#.°#.###.#Mz§§#......§.§...#$
#.°....)..#.###§§#.....[......#$
#○...○....#.# +§§##..^.......##$
○○..○○.####'# ##'##..........#$$


You could see the 27-headed Lernaean hydra, a mummy priest, a freezing wraith
(summoned), a flying skull (summoned), a mummy (summoned) and a bat simulacrum
(summoned).

Vanquished Creatures
  A golden dragon (D)
  A shadow dragon (D)
  A daeva (D)
  4 fire giants (D)
  A lorocyproca (D)
  A deep elf annihilator (D)
  A hydra (D)
  2 centaur warriors (D)
  Sonja (D)
  7 unseen horrors (D)
  A deep troll (D)
  A lindwurm (D)
  An oklob plant (D)
  8 shining eyes (D)
  2 merfolk sirens (D)
  2 kobold demonologists (D)
  4 demonic crawlers (D)
  A hellwing (D)
  A meliai (D)
  A slime creature (D)
  4 hornets (D)
  2 redbacks (D)
  A yak (D)
  Sigmund (D)
  13 hogs (D)
  7 floating eyes (D)
  7 necrophages (D)
  An ogre (D)
  8 jellies (D)
  Ijyb (D)
87 creatures vanquished.

Vanquished Creatures (others)
  2 gargoyles (D)
  A hornet (D)
  2 ballistomycete spores (D)
5 creatures vanquished.

Grand Total: 92 creatures vanquished

Notes
Turn   | Place    | Note
-------+----------+-------------------------------------------
     0 | D        | olmar the Minotaur Fighter began the quest for the Orb.
     0 | D        | Reached XP level 1. HP: 19/19 MP: 0/0
     3 | D        | Noticed Ijyb
     8 | D        | Killed Ijyb
     8 | D        | Reached skill level 5 in Fighting
     8 | D        | Reached skill level 5 in Armour
     8 | D        | Reached skill level 5 in Shields
     8 | D        | Reached XP level 2. HP: 29/29 MP: 1/1
    11 | D        | Noticed an ogre
    13 | D        | Killed an ogre
    13 | D        | Reached XP level 3. HP: 39/39 MP: 2/2
    13 | D        | Reached XP level 4. HP: 47/47 MP: 3/3
    53 | D        | Noticed Sigmund
    67 | D        | Killed Sigmund
    67 | D        | Reached XP level 5. HP: 42/56 MP: 4/4
   142 | D        | Found an ornate altar of the Wu Jian Council.
   142 | D        | Found a shimmering blue altar of Sif Muna.
   144 | D        | Found a radiant altar of Vehumet.
   148 | D        | Reached skill level 5 in Maces & Flails
   148 | D        | Reached XP level 6. HP: 59/63 MP: 5/5
   178 | D        | Found Hemuecso's Antique Weapon Emporium.
   178 | D        | Found an ancient bone altar of Kikubaaqudgha.
   178 | D        | Found a hazy altar of Hepliaklqana.
   178 | D        | Found a hide-covered altar of Uskayaw.
   178 | D        | Found a basalt altar of Yredelemnul.
   178 | D        | Found an opulent altar of Gozag.
   178 | D        | Found a snail-covered altar of Cheibriados.
   178 | D        | Found a sacrificial altar of Ru.
   178 | D        | Found a shadowy altar of Dithmenos.
   178 | D        | Noticed a yak
   184 | D        | Killed a yak
   184 | D        | Reached skill level 10 in Armour
   184 | D        | Reached skill level 1 in Dodging
   184 | D        | Reached skill level 10 in Shields
   185 | D        | Found a stormy altar of Qazlal.
   185 | D        | Found a blossoming altar of Fedhas.
   185 | D        | Found a bloodstained altar of Trog.
   185 | D        | Found an iron altar of Okawaru.
   185 | D        | Found a glowing golden altar of the Shining One.
   185 | D        | Found a glowing silver altar of Zin.
   185 | D        | Found a white marble altar of Elyvilon.
   186 | D        | Found a sparkling altar of Nemelex Xobeh.
   189 | D        | Became a worshipper of Gozag Ym Sagoz the Greedy
   248 | D        | Found a burning altar of Makhleb.
   248 | D        | Found a shimmering altar of Xom.
   248 | D        | Noticed a slime creature
   249 | D        | Found a viscous altar of Jiyva.
   249 | D        | Found a corrupted altar of Lugonu.
   262 | D        | Killed a slime creature
   262 | D        | Reached skill level 10 in Fighting
   262 | D        | Reached XP level 7. HP: 22/72 MP: 6/6
   490 | D        | Noticed a kobold demonologist
   491 | D        | Noticed a kobold demonologist
   496 | D        | Killed a kobold demonologist
   496 | D        | Reached XP level 8. HP: 81/82 MP: 7/7
   501 | D        | Killed a kobold demonologist
   519 | D        | Noticed Sonja
   524 | D        | Killed Sonja
   579 | D        | Found Zikku's Gadget Boutique.
   587 | D        | Bought a condenser vane (2/2) for 200 gold pieces
   602 | D        | Killed a gargoyle
   605 | D        | Noticed a deep troll
   615 | D        | Killed a deep troll
   615 | D        | Reached skill level 1 in Stealth
   615 | D        | Reached skill level 1 in Evocations
   615 | D        | Reached XP level 9. HP: 87/91 MP: 8/8
   637 | D        | Found Xevatux's Armour Emporium.
   644 | D        | Bought the +0 pair of fencer's gloves {Riposte Dex+3} for
                  | 440 gold pieces
   644 | D        | Found the +0 pair of fencer's gloves {Riposte Dex+3}
   644 | D        | Bought a +2 ring mail of poison resistance for 198 gold
                  | pieces
   677 | D        | Noticed a centaur warrior
   680 | D        | Noticed a centaur warrior
   688 | D        | Killed a centaur warrior
   689 | D        | Killed a centaur warrior
   812 | D        | Noticed an oklob plant
   819 | D        | Killed an oklob plant
   819 | D        | Reached skill level 5 in Dodging
   819 | D        | Reached XP level 10. HP: 101/101 MP: 9/9
  1052 | D        | Paralysed by a floating eye for 3 turns
  1067 | D        | Reached skill level 15 in Maces & Flails
  1070 | D        | Killed an unseen horror
  1079 | D        | Killed an unseen horror
  1085 | D        | Reached skill level 5 in Stealth
  1257 | D        | Found Xionoi's Jewellery Boutique.
  1257 | D        | Found Giebb's Weapon Emporium.
  1257 | D        | Found Uvumy's Armour Emporium.
  1259 | D        | Found Weew's Jewellery Boutique.
  1259 | D        | Found Kentol's Antique Weapon Shoppe.
  1259 | D        | Found Enushri's Antique Weapon Shop.
  1259 | D        | Found Osi Wuih's Antique Weapon Emporium.
  1259 | D        | Found Bogatodgh's General Store.
  1259 | D        | Found Onuican's Armour Shoppe.
  1259 | D        | Found Jett's Assorted Antiques.
  1262 | D        | Bought the ring of Wyucagyemoo {rC+ rN+ rCorr Int-4} for
                  | 357 gold pieces
  1265 | D        | Bought a +0 cloak of stealth for 126 gold pieces
  1270 | D        | Found Qocsuc's Jewellery Emporium.
  1271 | D        | Found Ipoerchidwa's Magic Scroll Boutique.
  1271 | D        | Found Pipue's Jewellery Shoppe.
  1272 | D        | Found Ofinas's Book Shop.
  1274 | D        | Bought a transparent mace for 240 gold pieces
  1275 | D        | Bought a scroll of identify for 20 gold pieces
  1276 | D        | Bought a +2 cloak of magic resistance for 301 gold pieces
  1288 | D        | Bought an uncursed amulet of the acrobat for 300 gold
                  | pieces
  1291 | D        | Bought the ring of Ethics {*Drain rElec rF+ Int+3 Dex+6}
                  | for 962 gold pieces
  1299 | D        | Identified the +5 mace of Cenegoxt {vorpal, +Rage} (You
                  | bought it in a shop in the Dungeon)
  1587 | D        | Killed a gargoyle
  1632 | D        | Noticed a lindwurm
  1639 | D        | Killed a lindwurm
  1639 | D        | Reached XP level 11. HP: 99/110 MP: 10/10
  1666 | D        | Reached skill level 5 in Evocations
  1776 | D        | Bought the +7 sceptre of Torment {pain, torment} for 1560
                  | gold pieces
  1776 | D        | Found the +7 sceptre of Torment {pain, torment}
  1850 | D        | Noticed a 12-headed hydra
  1852 | D        | Killed a 12-headed hydra
  1852 | D        | Reached skill level 15 in Shields
  2096 | D        | Noticed a daeva
  2106 | D        | Killed an unseen horror
  2107 | D        | Noticed an unseen horror
  2108 | D        | Killed an unseen horror
  2108 | D        | Reached skill level 15 in Fighting
  2109 | D        | Killed an unseen horror
  2111 | D        | Killed an unseen horror
  2219 | D        | Killed an unseen horror
  2229 | D        | Noticed a fire giant
  2231 | D        | Noticed a fire giant
  2232 | D        | Noticed a fire giant
  2239 | D        | Killed a fire giant
  2241 | D        | Noticed a fire giant
  2244 | D        | Killed a fire giant
  2244 | D        | Reached skill level 15 in Armour
  2244 | D        | Reached XP level 12. HP: 70/122 MP: 11/11
  2244 | D        | Killed a fire giant
  2258 | D        | Killed a fire giant
  2408 | D        | Identified the +4 dragonskin cloak
  2408 | D        | Noticed Tiamat
  2565 | D        | Noticed a shadow dragon
  2565 | D        | Noticed a golden dragon
  2581 | D        | Killed a golden dragon
  2581 | D        | Reached skill level 10 in Dodging
  2586 | D        | Killed a shadow dragon
  2929 | D        | Found Vewnihet's Jewellery Shoppe.
  2945 | D        | Bought the amulet "Jyly" {Spirit rF- rN++ Str+3 Stlth+} for
                  | 694 gold pieces
  2998 | D        | Noticed a deep elf annihilator
  3006 | D        | Killed a deep elf annihilator
  3163 | D        | Noticed the 27-headed Lernaean hydra
  3218 | D        | Bought a wand of digging (4) for 160 gold pieces
  3222 | D        | Gained mutation: You are weak. (Str -2) [a shining eye]
  3226 | D        | Gained mutation: Your body sometimes deteriorates upon
                  | taking damage. [a shining eye]
  3226 | D        | Gained mutation: You are dopey. (Int -2) [a shining eye]
  3227 | D        | Gained mutation: You tend to lose your temper in combat. [a
                  | shining eye]
  3229 | D        | Gained mutation: You occasionally shout uncontrollably at
                  | your foes. [a shining eye]
  3230 | D        | Reached XP level 13. HP: 134/134 MP: 12/12
  3237 | D        | Gained mutation: You sometimes yell uncontrollably at your
                  | foes. [a shining eye]
  3285 | D        | Found Gycimuwn's Book Shop.
  3285 | D        | Found Liyppal's General Store.
  3285 | D        | Found Song's Antique Weapon Boutique.
  3285 | D        | Found Weysiax's General Store.
  3298 | D        | Bought a potion of haste for 120 gold pieces
  3300 | D        | Bought a scroll of magic mapping for 38 gold pieces
  3645 | D        | Killed a daeva
  3783 | D        | Killed a lorocyproca
  3783 | D        | Reached skill level 10 in Evocations
  3806 | D        | Got a wavering silver amulet
  3810 | D        | Identified the amulet of Zuruvad {Acrobat Stlth+} (You
                  | found it in the Dungeon)
  3832 | D        | Lost intelligence.
  3857 | D        | Noticed a mummy priest
  3868 | D        | HP: 3/136 [the 27-headed Lernaean hydra (11)]
  3868 | D        | Slain by the 27-headed Lernaean hydra

Illustrated notes

Levels and vault maps discovered:
D:        dungeon_sprint_1 [red_sonja_temple_1, red_sonja_temple_small_1]

Skill      XL: |  1  2  3  4  5  6  7  8  9 10 11 12 13 |
---------------+----------------------------------------+-----
Fighting       | 5 7 8 9 10 11 12 13 14 15 17 18 | 18.4
Maces & Flails | 3 4 5 7 9 12 14 16 17 18 19 | 19.1
Armour         | 5 7 8 9 10 11 12 13 14 15 16 | 16.1
Shields        | 5 7 9 10 11 12 14 16 18 19 | 19.2
Dodging        | 2 4 5 6 9 10 | 10.9
Stealth        | 1 3 5 6 |  6.8
Evocations     | 1 2 4 7 9 10 | 10.0

Action                   |  1- 3 |  4- 6 |  7- 9 | 10-12 | 13-15 || total
-------------------------+-------+-------+-------+-------+-------++-------
Melee: Flail             |     6 |    31 |    33 |    25 |       ||    95
       Headbutt          |     2 |    11 |    12 |    41 |     5 ||    71
       Mace              |       |       |       |    56 |       ||    56
       Eveningstar       |       |       |       |    42 |    19 ||    61
Invok: Potion Petition   |       |       |       |       |     2 ||     2
Evoke: Wand              |       |       |     5 |     4 |     2 ||    11
       Condenser vane    |       |       |     3 |    15 |     4 ||    22
       Phial of floods   |       |       |       |     2 |     1 ||     3
  Use: Potion            |     1 |     1 |     1 |     3 |     7 ||    13
       Scroll            |       |       |       |       |     2 ||     2
 Stab: Confused          |       |       |     3 |       |       ||     3
       Sleeping          |       |       |     1 |     1 |     1 ||     3
       Distracted        |       |       |       |     2 |       ||     2
Armor: Scale mail        |     1 |     2 |     6 |       |       ||     9
       Ring mail         |       |       |     1 |    42 |    20 ||    63
Dodge: Dodged            |     2 |     8 |     7 |    75 |    46 ||   138
Block: Kite shield       |     1 |     9 |    16 |    72 |     3 ||   101
       Tower shield      |       |       |       |       |    24 ||    24
       Rpst.: Flail      |       |       |     2 |     1 |       ||     3
       Mace              |       |       |       |    10 |       ||    10
       Eveningstar       |       |       |       |     2 |     3 ||     5

Table legend: (Time is in decaauts)
 A = Elapsed time spent in this place.
 B = Non-inter-level travel time spent in this place.
 C = Inter-level travel time spent in this place.
 D = Time resting spent in this place.
 E = Time spent auto-exploring this place.
 F = Levels seen in this place.
 G = Mean time per level.
                   A        B        C        D        E       F      G
               +--------+--------+--------+--------+--------+-----+--------+
         Total |   3844 |   3582 |    262 |   2134 |      0 |   1 | 3844.0 |
       Dungeon |   3844 |   3582 |    262 |   2134 |      0 |   1 | 3844.0 |
               +--------+--------+--------+--------+--------+-----+--------+

Top non-repeatable levels by time:
       D: 3844 daAuts
